 Dungeon Sprint DCSS version 0.22.0-16-gc6d26f6 (webtiles) character file.

9000000 poirepourri the Intangible (level 27, -11/298 HPs)
             Began as a Deep Dwarf Gladiator on Aug 17, 2018.
             Was the Champion of Makhleb.
             Mangled by a meat berserker
             ... wielding a +9 battleaxe
              (60 damage)
             ... in the Dungeon (Sprint VIII: "Arena of Blood").
             The game lasted 00:01:26 (90 turns).

poirepourri the Intangible (Deep Dwarf Gladiator)     Turns: 90, Time: 00:01:27

Health: -11/298    AC:  8    Str: 19    XL:     27
Magic:  35/54      EV: 36    Int: 12    God:    Makhleb [******]
Gold:   0          SH:  0    Dex: 23    Spells: 80/80 levels left

rFire    . . .     SeeInvis .   k - +∞ Axe of Woe
rCold    . . .     Gourm    .   (shield currently unavailable)
rNeg     + . .     Faith    .   a - +0 leather armour
rPois    .         Spirit   .   b - +0 helmet
rElec    .         Reflect  .   (no cloak)
rCorr    .         Harm     .   (no gloves)
MR       ++++.     NoTele   +   (no boots)
Stlth    +++++++++.             (no amulet)
HPRegen  0.00/turn              (no ring)
MPRegen  0.34/turn              (no ring)

@: non-regenerating
A: damage resistance, heal wounds, negative energy resistance 1, sense
surroundings 3, no regeneration
a: Heal Wounds, Minor Destruction, Lesser Servant of Makhleb, Major Destruction,
Greater Servant of Makhleb, Renounce Religion


You were in the Dungeon.
You worshipped Makhleb.
Makhleb was exalted by your worship.
You were not hungry.

You visited 1 branch

Inventory:

Hand Weapons
 k - the +∞ Axe of Woe (weapon)
   (You found it in the Dungeon)
Missiles
 c - 3 throwing nets (quivered)
Armour
 a - a +0 leather armour (worn)
 b - a +0 helmet (worn)
Scrolls
 j - a scroll of blinking
Potions
 e - a potion of curing
 f - a potion of heal wounds
 g - a potion of haste
 h - 2 potions of magic
 i - a potion of berserk rage
Comestibles
 d - a ration


   Skills:
 O Level 27 Fighting
 O Level 27 Axes
 O Level 27 Throwing
 O Level 27 Armour
 O Level 27 Dodging
 O Level 27 Stealth
 O Level 27 Unarmed Combat
 O Level 27 Spellcasting
 O Level 27 Invocations


You had 80 spell levels left.
You didn't know any spells.
Your spell library was empty.

Dungeon Overview and Level Annotations

Branches:
Dungeon (1/1)

Altars:
Makhleb


Innate Abilities, Weirdness & Mutations

You are resistant to damage.
You can heal yourself by infusing magical energy.
You resist negative energy. (rN+)
You passively map a large area around you.
You do not regenerate.


Message History

* * * LOW HITPOINT WARNING * * *
The bag of meat convulses!
The meat berserker convulses!
You hear a shout! x2
You feel much better.
You are engulfed in blazing flames.
* * * LOW HITPOINT WARNING * * *
You hear a shout! x3
The meat berserker is engulfed in blazing flames.
You hear a shout! x2
The eight-headed meat hydra calls on the powers of darkness!
The eight-headed meat hydra convulses! x2; The meat berserker convulses!
The bag of meat convulses!
Your body is wracked with pain!
* * * LOW HITPOINT WARNING * * *
The bag of meat convulses!
The meat berserker convulses!
You hear a shout! x6
A bag of meat comes into view. It is wielding a +9 war axe.
Something misses you.
You hear a shout!
The meat berserker is engulfed in blazing flames.
The meat berserker hits you with a +9 battleaxe!!!
You die...

, ...... ,, ,, ,
, , ,,*, .....,
.. , , , , #....
.#, , ,,, , *..
#.M. ..# ,, , , ,
...###.%. ..###.
, * , ,,,
.....%..###......
,#o....§§§_......
, o ,#O§%.%#, , ,
, , , #@§O%_#, ,,
* , , ,#)))..# *
* , ,*
.%.L._...DD. , ,,
,,
.oV...###o%.o.. ,
, ,, .o###..o,
§.###. , . #...
..# , , , , ,, ,,
#...,, .# ,,,,,,
, ,, , ..... ..,
, , , , , ,, , ,
, , , ,*


You could see an accursed, a tyrant, 2 eight-headed meat hydras, 2 meat
berserkers and 3 bags of meat.

Vanquished Creatures
  A greater mummy (D)
  Harold (D)
  10 vampire knights (D)
  14 ogres (D)
  5 two-headed ogres (D)
  2 liches (D)
  35 orcs (D)
  3 skeletal warriors (D)
  3 large abominations (D)
  2 small abominations (D)
  2 crawling corpses (D)
78 creatures vanquished.

Vanquished Creatures (others)
  2 crawling corpses (D)
2 creatures vanquished.

Grand Total: 80 creatures vanquished

Notes
Turn   | Place    | Note
-------+----------+-------------------------------------------
     0 | D        | Found the +∞ Axe of Woe
     0 | D        | poirepourri the Deep Dwarf Gladiator began the quest for the Orb.
     0 | D        | Reached XP level 1. HP: 19/19 MP: 1/1
     3 | D        | Became a worshipper of Makhleb the Destroyer
     5 | D        | Noticed a bag of meat
     5 | D        | Noticed a bag of meat
     6 | D        | Noticed a bag of meat
     8 | D        | Noticed a bag of meat
     8 | D        | Noticed a bag of meat
     9 | D        | Noticed a bag of meat
     9 | D        | Noticed a bag of meat
    11 | D        | Killed a bag of meat
    11 | D        | Reached XP level 2. HP: 42/42 MP: 2/2
    11 | D        | Reached XP level 3. HP: 49/49 MP: 3/3
    11 | D        | Reached XP level 4. HP: 56/56 MP: 4/4
    11 | D        | Reached XP level 5. HP: 63/63 MP: 5/5
    11 | D        | Reached XP level 6. HP: 72/72 MP: 6/6
    11 | D        | Reached XP level 7. HP: 78/78 MP: 7/7
    11 | D        | Reached XP level 8. HP: 86/86 MP: 8/8
    11 | D        | Gained mutation: You passively map the area around you. [Deep Dwarf growth]
    11 | D        | Reached XP level 9. HP: 93/93 MP: 9/9
    11 | D        | Reached XP level 10. HP: 102/102 MP: 10/10
    11 | D        | Reached XP level 11. HP: 108/108 MP: 11/11
    11 | D        | Noticed a meat berserker
    11 | D        | Noticed a bag of meat
    12 | D        | Killed a bag of meat
    12 | D        | Reached skill level 10 in Throwing
    12 | D        | Reached XP level 12. HP: 102/120 MP: 12/12
    12 | D        | Killed a bag of meat
    12 | D        | Reached * piety under Makhleb
    12 | D        | Reached XP level 13. HP: 110/130 MP: 13/13
    12 | D        | Killed a bag of meat
    12 | D        | Gained mutation: You resist negative energy. (rN+) [Deep Dwarf growth]
    12 | D        | Reached XP level 14. HP: 120/142 MP: 14/14
    12 | D        | Killed a bag of meat
    12 | D        | Reached ** piety under Makhleb
    13 | D        | Killed a meat berserker
    13 | D        | Reached skill level 27 in Dodging
    13 | D        | Reached XP level 15. HP: 157/157 MP: 15/15
    13 | D        | Reached skill level 15 in Axes
    13 | D        | Reached skill level 15 in Throwing
    14 | D        | Reached *** piety under Makhleb
    14 | D        | Reached XP level 16. HP: 171/171 MP: 16/16
    15 | D        | Noticed a meat berserker
    19 | D        | Killed a meat berserker
    19 | D        | Reached skill level 27 in Unarmed Combat
    19 | D        | Reached XP level 17. HP: 186/186 MP: 17/17
    21 | D        | Noticed a meat berserker
    21 | D        | Noticed a meat berserker
    22 | D        | Noticed a large bag of meat
    23 | D        | Noticed a meat berserker
    25 | D        | Killed a meat berserker
    25 | D        | Noticed a meat berserker
    25 | D        | Noticed a large bag of meat
    26 | D        | Killed a meat berserker
    26 | D        | Reached **** piety under Makhleb
    26 | D        | Reached skill level 27 in Axes
    26 | D        | Gained mutation: You passively map a large area around you. [Deep Dwarf growth]
    26 | D        | Reached XP level 18. HP: 206/206 MP: 18/18
    28 | D        | Reached skill level 10 in Armour
    28 | D        | Noticed The Servant
    29 | D        | Killed a meat berserker
    29 | D        | Reached skill level 27 in Fighting
    29 | D        | Reached XP level 19. HP: 226/226 MP: 19/19
    29 | D        | Killed a large bag of meat
    29 | D        | Reached ***** piety under Makhleb
    29 | D        | Reached skill level 27 in Throwing
    30 | D        | Killed a large bag of meat
    30 | D        | Reached skill level 27 in Armour
    31 | D        | Reached XP level 20. HP: 236/236 MP: 19/33
    31 | D        | Noticed a destroyer
    32 | D        | Killed a meat berserker
    33 | D        | Reached skill level 15 in Spellcasting
    34 | D        | Noticed a meat berserker
    35 | D        | Reached ****** piety under Makhleb
    36 | D        | Reached XP level 21. HP: 244/244 MP: 19/43
    37 | D        | Reached skill level 27 in Stealth
    37 | D        | Reached skill level 27 in Invocations
    37 | D        | Noticed a large bag of meat
    38 | D        | Noticed a destroyer
    39 | D        | Killed a destroyer
    39 | D        | Reached skill level 27 in Spellcasting
    39 | D        | Reached XP level 22. HP: 254/254 MP: 20/53
    41 | D        | Noticed a destroyer
    41 | D        | Noticed a destroyer
    42 | D        | Killed The Servant
    43 | D        | Reached XP level 23. HP: 150/262 MP: 21/54
    43 | D        | Killed a large bag of meat
    43 | D        | Noticed an accursed
    44 | D        | Killed a destroyer
    46 | D        | Noticed a destroyer
    46 | D        | Reached XP level 24. HP: 272/272 MP: 22/54
    46 | D        | Noticed a destroyer
    47 | D        | Killed a destroyer
    47 | D        | Noticed a large bag of meat
    47 | D        | Noticed a destroyer
    48 | D        | Noticed a destroyer
    48 | D        | Noticed a tyrant
    50 | D        | Reached XP level 25. HP: 280/280 MP: 23/54
    50 | D        | Killed a destroyer
    51 | D        | Killed an accursed
    51 | D        | Reached XP level 26. HP: 290/290 MP: 23/54
    52 | D        | Killed a tyrant
    52 | D        | Killed a destroyer
    52 | D        | Noticed a destroyer
    53 | D        | Killed a large bag of meat
    54 | D        | Noticed a tyrant
    55 | D        | Reached XP level 27. HP: 298/298 MP: 24/54
    55 | D        | Killed a destroyer
    58 | D        | Noticed a destroyer
    59 | D        | Killed a destroyer
    61 | D        | Killed a destroyer
    61 | D        | Killed a destroyer
    62 | D        | Killed a tyrant
    66 | D        | Killed a destroyer
    79 | D        | Noticed a large bag of meat
    85 | D        | Noticed a tyrant
    87 | D        | Noticed an accursed
    88 | D        | Killed a large bag of meat
    90 | D        | Mangled by a meat berserker

Skill      XL: |  1  2  3  4  5  6  7  8  9 10 11 12 13 14 15 16 17 18 19 20 21 |
---------------+----------------------------------------------------------------+-----
Fighting       | 9 11 12 13 16 17 20 23 27 | 27.0
Axes           | 4 6 8 9 13 16 21 27 | 27.0
Throwing       | 9 10 11 12 14 15 17 20 25 27 | 27.0
Dodging        | 18 21 22 24 27 | 27.0
Unarmed Combat | 16 18 19 20 23 25 27 | 27.0
Armour         | 4 8 12 27 | 27.0
Stealth        | 14 26 27 | 27.0
Spellcasting   | 9 18 27 | 27.0
Invocations    | 14 26 27 | 27.0

Action                   |  1- 3 |  4- 6 |  7- 9 | 10-12 | 13-15 | 16-18 | 19-21 | 22-24 | 25-27 || total
-------------------------+-------+-------+-------+-------+-------+-------+-------+-------+-------++-------
Melee: Executioner's axe |     1 |       |       |     1 |     2 |     7 |    10 |    10 |    20 ||    51
 Abil: Heal Wounds       |       |       |       |       |       |       |       |       |     2 ||     2
Armor: Leather armour    |       |       |       |       |       |       |       |       |     1 ||     1
Dodge: Dodged            |       |       |       |       |     1 |       |     2 |       |     2 ||     5
